Map: Dywergencja ER

Players

Butcher

  • Race: Zerg Zerg
  • League: Diamond
  • Spawn Location: 11:00

Ipoglif

  • Race: Terran Terran
  • League: Platinum
  • Spawn Location: 11:00

Angel

  • Race: Protoss Protoss
  • Spawn Location: 5:00

Legol

  • Race: Protoss Protoss
  • Spawn Location: 5:00

VOD

Have the link to the VOD?

Description

Time

  • Played on: Dec. 27, 2019, 2:40 p.m.
  • Length: 12:21
Show
View Real Time Build Order
Export as new Build Order

Butcher Zerg 

Build Orders: Pool First, Lurkers 

Get SALT Encoding   

  12  0:03  Drone  
  13  0:10  Drone  
  14  0:18  Extractor  
  14  0:19  Drone  
  14  0:39  Spawning Pool  
  14  0:40  Drone  
  14  0:46  Overlord  
  14  1:05  Drone x3  
  17  1:16  Drone  
  18  1:25  Queen  
  18  1:27  Metabolic Boost  
  18  1:31  Drone  
  21  1:44  Overlord  
  21  1:54  Zergling x2  
  22  2:05  Zergling x2  
  23  2:22  Zergling x4  
  25  2:32  Zergling x2  
  25  2:33  Lair  
  25  2:36  Zergling x4  
  29  2:37  Zergling x2  
  29  2:46  Overlord  
  29  3:00  Zergling x2  
  30  3:08  Zergling x6  
  30  3:11  Zergling x2  
  34  3:21  Overlord  
  34  3:30  Hatchery  
  33  3:38  Zergling x2  
  33  3:39  Nydus Network  
  34  3:41  Zergling x6  
  36  3:51  Zergling x2  
  37  3:57  Zergling x2  
  37  4:00  Overseer  
  38  4:08  Zergling x2  
  39  4:10  Zergling x2  
  39  4:11  Zergling x4  
  42  4:26  Drone  
  43  4:33  Nydus Canal  
  44  4:38  Drone  
  44  4:40  Overlord  
  40  5:20  Drone x3  
  40  5:21  Queen  
  26  5:58  Drone x3  
  29  6:06  Drone x2  
  29  6:09  Extractor  
  28  6:25  Drone x2  
  28  6:26  Drone, Hydralisk Den  
  28  6:28  Drone x2  
  31  6:35  Spore Crawler  
  31  6:36  Extractor  
  31  6:38  Drone x3  
  31  6:39  Extractor  
  31  6:56  Muscular Augments  
  31  7:00  Lurker Den  
  30  7:07  Drone x3  
  33  7:14  Drone x4  
  37  7:19  Drone  
  38  7:37  Hydralisk x2  
  38  7:39  Evolution Chamber  
  38  7:40  Hydralisk x2  
  38  7:41  Hydralisk  
  38  7:42  Evolution Chamber  
  46  7:47  Drone  
  46  7:48  Drone x4  
  51  8:04  Lurker x2  
  53  8:07  Lurker x3  
  53  8:10  Drone x4  
  53  8:11  Hatchery  
  53  8:12  Overlord  
  59  8:14  Zerg Missile Weapons Level 1  
  59  8:21  Overlord  
  59  8:22  Overlord  
  59  9:06  Hydralisk x6  
  59  9:07  Hydralisk x2  
  59  9:09  Zerg Ground Armor Level 1  
  75  9:11  Drone x2  
  75  9:12  Drone x5  
  80  9:27  Hydralisk x2  
  77  9:36  Drone  
  78  10:00  Drone x2  
  78  10:01  Spore Crawler, Drone  
  78  10:03  Lurker  
  78  10:04  Lurker  
  78  10:05  Drone x3  
  85  10:07  Queen  
  87  10:31  Lurker x3  
  90  10:38  Overlord x3  
  90  10:50  Overlord  
  90  10:51  Spore Crawler  
  90  10:55  Spore Crawler  
  88  11:09  Drone x4  
  88  11:10  Drone  
  88  11:48  Drone  
  88  11:49  Drone x2  
  88  11:54  Spore Crawler  
  90  11:55  Extractor  
  90  11:56  Extractor  
  94  12:13  Lurker x5  
Show
View Real Time Build Order
Export as new Build Order

Ipoglif Terran 

Build Orders:  

Get SALT Encoding   

  12  0:01  SCV  
  13  0:16  Supply Depot  
  13  0:18  SCV  
  14  0:26  Refinery  
  14  0:34  SCV  
  15  0:44  Barracks  
  15  0:46  SCV  
  16  0:59  SCV  
  17  1:05  Barracks  
  17  1:11  SCV  
  18  1:23  SCV  
  19  1:31  Barracks Reactor  
  19  1:39  Orbital Command  
  19  1:43  Refinery  
  19  1:52  Engineering Bay  
  19  1:53  Barracks Tech Lab  
  19  2:06  Supply Depot  
  19  2:07  SCV  
  20  2:11  Marine  
  21  2:18  Factory  
  21  2:21  Marine  
  22  2:24  SCV  
  22  2:27  Marine  
  24  2:37  Marine  
  24  2:38  Stimpack  
  24  2:42  Marine  
  26  2:45  SCV  
  27  2:53  Marauder  
  27  2:58  SCV  
  30  3:00  Marine  
  31  3:06  Supply Depot  
  31  3:11  Factory Reactor, Starport  
  31  3:25  Supply Depot  
  31  3:27  Marine  
  31  3:28  Marine  
  31  3:29  Marauder  
  35  3:40  Supply Depot  
  35  3:47  Marine x2  
  37  3:50  Marine  
  38  4:03  Supply Depot, Medivac  
  38  4:04  Medivac  
  38  4:07  Factory Tech Lab  
  38  4:08  Marine  
  43  4:11  Marine  
  43  4:16  Marauder  
  46  4:33  Marine x2  
  46  4:38  Medivac  
  50  4:40  Medivac  
  50  4:43  Supply Depot  
  52  4:57  Terran Infantry Weapons Level 1  
  52  4:59  Marine x2  
  54  5:02  Marauder  
  56  5:15  Supply Depot  
  56  5:28  Marine  
  56  5:29  Marauder, Marine  
  60  5:43  Combat Shield, Command Center  
  60  5:52  Viking  
  56  6:21  Marine x2  
  56  6:22  Marauder  
  53  6:31  Liberator  
  48  6:39  Marine x2  
  46  6:43  Siege Tank, Marauder  
  54  6:57  Marine x2  
  54  6:58  Liberator  
  56  7:13  Marine  
  60  7:29  Marine x2  
  62  7:35  Marauder  
  64  7:45  Orbital Command  
  64  7:48  SCV  
  65  8:09  Marine x2  
  65  8:10  Marauder  
  65  8:12  Liberator  
  65  8:27  Marine x2  
  65  8:31  Marauder  
  65  8:33  Medivac  
  74  8:41  Siege Tank  
  77  8:48  Marine x2  
  78  8:53  Marauder  
  81  9:02  Liberator  
  75  9:06  Marine x2  
  67  9:14  Marauder  
  61  9:23  Marine  
  61  9:24  Marine  
  57  9:35  Marauder  
  57  9:38  Siege Tank  
  62  9:41  Marine x2  
  63  9:57  Marauder  
  63  9:59  Marine  
  66  10:00  Marine  
  67  10:17  Marine  
  67  10:18  Marine  
  67  10:21  Siege Tank  
  72  10:24  Medivac  
  74  10:36  Marauder  
  76  10:50  Marine  
  76  10:51  Marine  
  78  11:09  SCV x2  
  80  11:15  Marine x2  
  80  11:17  Marauder  
  84  11:22  Missile Turret  
Show
View Real Time Build Order
Export as new Build Order

Angel Protoss 

Build Orders:  

Get SALT Encoding   

  12  0:06  Probe  
  13  0:19  Pylon  
  13  0:20  Probe  
  14  0:32  Probe (Chrono Boost)  
  16  0:44  Probe (Chrono Boost)  
  16  0:49  Probe (Chrono Boost), Gateway  
  16  0:54  Assimilator  
  17  0:59  Probe (Chrono Boost)  
  18  1:11  Probe (Chrono Boost)  
  19  1:17  Probe (Chrono Boost)  
  20  1:25  Probe  
  21  1:34  Pylon  
  21  1:37  Probe  
  22  1:54  Nexus  
  22  1:56  Cybernetics Core  
  22  2:04  Forge  
  22  2:11  Probe (Chrono Boost)  
  23  2:19  Pylon  
  23  2:20  Probe (Chrono Boost)  
  24  2:25  Probe (Chrono Boost)  
  25  2:41  Pylon, Photon Cannon  
  25  2:47  Probe  
  26  2:55  Shield Battery  
  26  2:59  Probe  
  26  3:02  Pylon, Photon Cannon  
  27  3:12  Probe (Chrono Boost), Photon Cannon  
  28  3:21  Probe (Chrono Boost)  
  30  3:30  Probe (Chrono Boost)  
  30  3:31  Probe (Chrono Boost)  
  31  3:35  Probe (Chrono Boost)  
  31  3:38  Gateway  
  32  3:42  Pylon  
  32  3:47  Probe (Chrono Boost)  
  33  3:51  Warp Gate (Chrono Boost)  
  33  3:55  Protoss Ground Weapons Level 1  
  35  3:56  Probe x2 (Chrono Boost)  
  35  3:59  Assimilator  
  35  4:01  Probe (Chrono Boost)  
  35  4:02  Probe  
  37  4:14  Probe, Gateway  
  37  4:15  Gateway  
  38  4:19  Gateway  
  38  4:24  Gateway  
  38  4:32  Assimilator  
  38  4:48  Gateway x2  
  38  4:59  Photon Cannon  
  35  5:31  Twilight Council  
  35  5:33  Adept x4  
  35  5:34  Adept x2  
  33  5:53  Probe (Chrono Boost)  
  32  6:03  Probe (Chrono Boost)  
  33  6:05  Adept x5  
  33  6:06  Adept x3  
  33  6:08  Probe (Chrono Boost)  
  45  6:19  Probe (Chrono Boost)  
  33  6:31  Probe (Chrono Boost)  
  33  6:32  Stalker x3  
  40  6:33  Stalker  
  40  6:37  Probe (Chrono Boost)  
  39  6:46  Probe  
  40  6:58  Probe  
  41  7:10  Probe  
  41  7:14  Assimilator  
  42  7:22  Probe  
  42  7:26  Robotics Facility  
  42  7:34  Probe (Chrono Boost)  
  45  7:45  Probe (Chrono Boost)  
  45  7:46  Probe (Chrono Boost)  
  45  7:53  Charge (Chrono Boost), Probe x2 (Chrono Boost)  
  47  7:58  Probe (Chrono Boost)  
  47  8:00  Probe  
  49  8:08  Zealot x4  
  49  8:09  Zealot x4  
  65  8:13  Probe  
  58  8:36  Observer  
  59  8:49  Zealot x2  
  59  8:50  Zealot x2  
  59  8:51  Zealot x2  
  59  8:53  Zealot  
  59  8:54  Zealot  
  37  9:14  Observer  
  30  9:19  Zealot x5  
  30  9:20  Zealot  
  32  9:28  Zealot x5  
  21  10:09  Nexus  
  21  10:12  Pylon  
  14  11:00  Cybernetics Core  
  15  11:32  Probe (Chrono Boost)  
  15  11:42  Probe (Chrono Boost)  
  16  11:47  Probe (Chrono Boost)  
  17  11:56  Stargate  
  17  12:09  Stargate  
Show
View Real Time Build Order
Export as new Build Order

Legol Protoss 

Build Orders: Oracle Opening 

Get SALT Encoding   

  12  0:01  Probe  
  13  0:13  Probe  
  14  0:20  Pylon  
  14  0:25  Probe  
  15  0:38  Probe (Chrono Boost), Gateway  
  16  0:49  Probe (Chrono Boost)  
  17  0:52  Assimilator  
  17  0:54  Probe (Chrono Boost)  
  18  1:04  Probe (Chrono Boost)  
  18  1:11  Pylon  
  19  1:15  Probe (Chrono Boost)  
  20  1:30  Cybernetics Core  
  20  1:43  Gateway  
  20  1:49  Assimilator  
  20  1:58  Probe  
  21  2:10  Probe  
  22  2:22  Probe  
  22  2:26  Warp Gate  
  22  2:27  Adept  
  24  2:30  Adept  
  26  2:50  Stargate  
  26  2:54  Pylon  
  26  3:06  Nexus  
  26  3:19  Probe (Chrono Boost)  
  27  3:30  Probe (Chrono Boost)  
  28  3:38  Probe (Chrono Boost)  
  29  3:43  Probe (Chrono Boost)  
  30  3:53  Probe  
  31  3:57  Assimilator  
  31  3:59  Oracle  
  31  4:02  Assimilator  
  34  4:05  Pylon, Probe  
  34  4:09  Gateway  
  35  4:12  Gateway  
  35  4:14  Pylon  
  35  4:18  Probe (Chrono Boost)  
  35  4:22  Probe (Chrono Boost)  
  37  4:27  Stalker  
  37  4:28  Probe (Chrono Boost)  
  37  4:30  Sentry  
  43  4:31  Probe (Chrono Boost)  
  43  4:33  Probe (Chrono Boost)  
  44  4:41  Probe  
  45  4:47  Probe  
  45  4:49  Forge  
  46  4:54  Probe  
  46  4:59  Probe  
  47  5:35  Oracle  
  42  5:53  Nexus  
  42  6:03  Stalker x2  
  42  6:04  Stalker x2  
  45  6:29  Stalker  
  45  6:30  Stalker x3  
  47  6:54  Stalker  
  47  6:57  Stalker  
  47  6:58  Stalker x2  
  55  7:04  Pylon  
  55  7:06  Pylon  
  52  7:19  Pylon  
  52  7:21  Pylon  
  52  7:24  Pylon  
  52  7:29  Photon Cannon  
  52  7:30  Stalker x2  
  52  7:31  Stalker  
  58  7:42  Stalker  
  60  7:48  Photon Cannon  
  60  7:51  Probe (Chrono Boost)  
  60  7:57  Oracle (Chrono Boost)  
  61  8:02  Probe (Chrono Boost)  
  65  8:06  Probe (Chrono Boost)  
  66  8:18  Probe  
  65  8:21  Stalker x4  
  71  8:30  Probe  
  72  8:34  Photon Cannon  
  72  8:35  Photon Cannon  
  72  8:46  Zealot x4  
  62  9:15  Stalker x4  
  62  9:34  Oracle (Chrono Boost)  
  60  9:52  Stalker x3  
  60  10:06  Photon Cannon  
  60  10:09  Photon Cannon  
  60  10:13  Photon Cannon x2  
  50  10:16  Stalker x2, Photon Cannon  
  50  10:18  Zealot x2  
  52  10:56  Forge  
  31  11:33  Photon Cannon  
  31  11:34  Photon Cannon  
  31  11:39  Photon Cannon  
  31  11:42  Photon Cannon  
  31  11:44  Photon Cannon  
  31  11:46  Photon Cannon  
  31  11:48  Photon Cannon  
  31  11:49  Pylon  
  31  11:51  Pylon  
  31  11:54  Pylon  
  31  11:59  Pylon  
Tags
 
Add a new tag
Caveats
  • Supply blocks, unpowered buildings, or Contaminate may cause inaccurate times.
  • Supply counts are checked every 10 seconds.